Map: Abiogenesis LE

Players

captainbob

  • Race: Protoss Protoss
  • League: Silver
  • Spawn Location: 5:00

Infamous - Winner!

  • Race: Protoss Protoss
  • Spawn Location: 11:00

VOD

Have the link to the VOD?

Description

Time

  • Played on: Jan. 25, 2018, 11:40 a.m.
  • Length: 11:04
Show
View Real Time Build Order
Export as new Build Order

captainbob Protoss 

Build Orders: Double Forge, Colossus Rush 

Get SALT Encoding   

  12  0:07  Probe (Chrono Boost)  
  13  0:16  Probe (Chrono Boost)  
  14  0:24  Pylon  
  14  0:25  Probe  
  15  0:36  Pylon  
  15  0:42  Probe  
  16  0:49  Forge  
  16  0:59  Forge  
  16  1:02  Gateway  
  16  1:05  Probe  
  17  1:11  Assimilator  
  17  1:17  Assimilator  
  17  1:18  Probe  
  18  1:50  Probe  
  19  2:01  Cybernetics Core  
  19  2:02  Probe  
  20  2:14  Probe  
  21  2:25  Gateway  
  21  2:26  Probe  
  21  2:29  Pylon  
  22  2:33  Pylon  
  22  2:38  Probe  
  23  2:49  Photon Cannon  
  23  2:54  Photon Cannon  
  23  3:03  Photon Cannon  
  23  3:12  Photon Cannon  
  23  3:17  Warp Gate  
  23  3:22  Photon Cannon  
  23  3:34  Pylon  
  23  3:49  Robotics Facility  
  23  3:58  Photon Cannon  
  23  4:05  Pylon  
  23  4:14  Stargate  
  23  4:18  Protoss Shields Level 1  
  23  4:29  Shield Battery  
  23  4:42  Robotics Bay  
  23  4:51  Observer  
  24  5:01  Oracle  
  27  5:18  Shield Battery  
  27  5:32  Pylon  
  27  5:41  Colossus (Chrono Boost)  
  33  5:58  Nexus  
  33  6:13  Pylon  
  33  6:21  Stargate  
  33  6:28  Warp Prism  
  35  6:45  Pylon  
  35  6:54  Void Ray  
  39  7:02  Pylon  
  39  7:16  Extended Thermal Lance  
  39  7:23  Probe  
  40  7:31  Assimilator  
  40  7:35  Probe  
  40  7:36  Assimilator  
  41  7:47  Probe  
  42  7:59  Probe, Stalker x2  
  43  8:36  Zealot x2  
  35  9:06  Probe  
  36  9:10  Void Ray x2  
  44  9:18  Immortal, Probe  
  44  9:22  Zealot x2  
  53  9:30  Probe (Chrono Boost)  
  54  9:40  Probe (Chrono Boost)  
  54  9:45  Probe (Chrono Boost)  
  55  9:51  Twilight Council  
  56  9:55  Pylon  
  56  9:56  Probe  
  56  9:59  Pylon  
  57  10:09  Probe  
  42  10:21  Probe  
  40  10:34  Probe  
  48  10:44  Stalker  
  48  10:46  Probe  
  48  10:48  Sentry  
Show
View Real Time Build Order
Export as new Build Order

Infamous Protoss - Winner!

Build Orders:  

Get SALT Encoding   

  12  0:01  Probe (Chrono Boost)  
  13  0:13  Probe (Chrono Boost)  
  14  0:19  Pylon  
  14  0:21  Probe (Chrono Boost)  
  15  0:37  Gateway  
  15  0:40  Probe  
  16  0:51  Assimilator  
  16  0:53  Probe (Chrono Boost)  
  17  1:05  Probe (Chrono Boost)  
  17  1:10  Pylon  
  18  1:13  Probe (Chrono Boost)  
  19  1:32  Probe  
  19  1:38  Assimilator  
  19  1:39  Cybernetics Core  
  19  1:43  Zealot  
  19  1:44  Probe  
  22  1:55  Pylon  
  22  2:04  Probe (Chrono Boost)  
  23  2:15  Warp Gate (Chrono Boost)  
  23  2:19  Probe (Chrono Boost), Stalker  
  26  2:31  Probe  
  27  2:41  Pylon  
  28  2:44  Probe  
  28  2:51  Sentry  
  30  3:14  Probe  
  30  3:17  Pylon  
  31  3:24  Stalker  
  31  3:27  Probe  
  34  3:37  Gateway  
  34  3:39  Gateway  
  34  3:42  Pylon  
  34  3:44  Nexus  
  34  3:50  Probe  
  35  3:58  Twilight Council  
  35  4:01  Pylon  
  35  4:02  Probe  
  36  4:11  Protoss Air Weapons Level 1  
  36  4:22  Gateway  
  36  4:24  Probe  
  37  4:31  Blink (Chrono Boost)  
  37  4:37  Probe  
  38  4:47  Stalker x2  
  42  5:03  Stargate  
  42  5:05  Sentry  
  44  5:08  Probe (Chrono Boost)  
  45  5:17  Assimilator  
  45  5:18  Probe (Chrono Boost)  
  47  5:21  Probe (Chrono Boost)  
  47  5:35  Probe x2  
  48  5:36  Stargate  
  49  5:45  Stalker x2  
  49  5:46  Stalker  
  49  5:47  Probe  
  56  6:00  Probe (Chrono Boost)  
  57  6:07  Assimilator  
  57  6:09  Probe (Chrono Boost)  
  58  6:15  Void Ray  
  62  6:22  Stargate  
  62  6:24  Charge (Chrono Boost)  
  62  6:51  Probe  
  62  6:53  Robotics Facility  
  62  6:54  Probe  
  64  6:55  Pylon  
  64  6:57  Pylon  
  64  7:05  Pylon  
  64  7:16  Robotics Facility  
  64  7:17  Robotics Facility  
  64  7:19  Probe (Chrono Boost)  
  65  7:23  Stalker  
  65  7:24  Stalker x2  
  65  7:25  Stalker  
  73  7:36  Void Ray  
  77  7:45  Immortal  
  81  8:00  Void Ray  
  85  8:16  Stalker x3  
  85  8:17  Stalker  
  93  8:54  Probe (Chrono Boost)  
  92  9:03  Probe (Chrono Boost)  
  92  9:08  Probe (Chrono Boost), Immortal  
  92  9:09  Immortal  
  101  9:48  Probe (Chrono Boost)  
  102  10:02  Pylon  
  102  10:05  Pylon  
  102  10:11  Void Ray  
  102  10:13  Immortal  
  84  10:50  Stalker x2  
  84  10:51  Stalker x2  
Tags
 
League
Silver
Matchup
PvP
Replay Pack
Last Remnant (2)
Spawn Locations
Cross Positions
Add a new tag
Caveats
  • Supply blocks, unpowered buildings, or Contaminate may cause inaccurate times.
  • Supply counts are checked every 10 seconds.